 Dungeon Crawl Stone Soup version 0.23.2-40-g277498a001 (webtiles) character file.

Game seed: 1988896672891768409

30 KamiKatze the Ducker (level 3, 0/25 HPs)
             Began as a Felid Berserker on Oct 21, 2019.
             Was a Follower of Trog.
             Slain by a centaur (3 damage)
             ... on level 2 of the Dungeon.
             The game lasted 00:04:39 (926 turns).

KamiKatze the Ducker (Felid Berserker)               Turns: 926, Time: 00:04:39

Health: 0/25       AC:  1    Str: 19    XL:     3   Next: 5%
Magic:  4/4        EV: 19    Int:  8    God:    Trog [*.....]
Gold:   31         SH:  0    Dex: 15    Spells: 2/2 levels left
                                        Lives:  0   Deaths: 0

rFire    . . .     SeeInvis +     - Unarmed
rCold    . . .     Gourm    .   (shield unavailable)
rNeg     . . .     Faith    .   (armour unavailable)
rPois    .         Spirit   .   (helmet unavailable)
rElec    .         Reflect  .   (cloak unavailable)
rCorr    .         Harm     .   (gloves unavailable)
MR       .....                  (boots unavailable)
Stlth    ..........             (no amulet)
HPRegen  0.08/turn              (no ring)
MPRegen  0.09/turn              (no ring)

@: berserking, very quick
A: very small, no armour, no weapons or thrown items, stealth, claws 1, fangs 3,
see invisible, carnivore, speed 1, shaggy fur 1, slow metabolism 1, sharp paws
a: Berserk, Renounce Religion


You were on level 2 of the Dungeon.
You worshipped Trog.
Trog was aware of your devotion.
You were very full.

You visited 1 branch of the dungeon, and saw 2 of its levels.

You collected 31 gold pieces.

Inventory:

Scrolls
 c - a scroll of amnesia {unknown}
 e - a scroll of teleportation {unknown}
 f - a scroll of random uselessness {unknown}
Potions
 b - a potion of magic {unknown}
Comestibles
 a - 3 rations
 d - 2 chunks of flesh


   Skills:
 * Level 3.4 Fighting
 + Level 4.3 Dodging
 + Level 1.4 Stealth
 * Level 3.3 Unarmed Combat


You had 2 spell levels left.
You didn't know any spells.
Your spell library was empty.

Dungeon Overview and Level Annotations

Branches:
Dungeon (2/15)

Altars:


Innate Abilities, Weirdness & Mutations

You cannot wear armour.
You are incapable of wielding weapons or throwing items.
Your paws allow you to move quietly. (Stealth)
You have sharp claws.
You have razor-sharp teeth.
You have supernaturally acute eyesight. (SInv)
You are carnivorous and can eat meat at any time.
You cover ground quickly.
You are covered in fur. (AC +1)
You have a slow metabolism.
Your sharp claws are effective at attacking unaware monsters.


Message History

The centaur is heavily wounded.
The centaur completely misses you.
You closely miss the centaur.
The centaur is heavily wounded.
The centaur completely misses you. The centaur misses you.
You completely miss the centaur.
The centaur is heavily wounded.
The centaur barely misses you.
You barely miss the centaur.
The centaur is heavily wounded.
The centaur closely misses you. The centaur hits you.
You barely miss the centaur.
The centaur is heavily wounded.
The centaur hits you!
* * * LOW HITPOINT WARNING * * *
You are too injured to fight recklessly!
A red film seems to cover your vision as you go berserk!
You feel yourself moving faster!
You feel mighty! The centaur closely misses you. The centaur hits you.
You die...

#....# #.....##.#.#########
#....# #.....##............
#....# #.....#..#.######.##
#....# #...).#..#.######.##
#....# #.....#..#.##<......
#....###.....#..#.######.##
#....'.......#..#.# #.#
#....###rc...#..#.# ..#
##...# #.#@###.##.# ###
###.###.#.# #.# ###.....#..
#..÷...c###. #÷#.......#.#
#..............
..............c.#$
#.###.#.#..#.##.#.#.#
..............r.>


You could see a centaur and a rat.

Vanquished Creatures
  4 giant cockroaches (D:1)
  4 goblins (D:1)
  2 hobgoblins (D:1)
  3 jackals (D:1)
  A ball python (D:2)
  2 bats (D:1)
  3 frilled lizards
  6 kobolds (D:1)
  5 rats (D:1)
30 creatures vanquished.

Notes
Turn   | Place    | Note
-------+----------+-------------------------------------------
     0 | D:1      | KamiKatze the Felid Berserker began the quest for the Orb.
     0 | D:1      | Reached XP level 1. HP: 10/10 MP: 2/2
   120 | D:1      | Reached XP level 2. HP: 7/14 MP: 3/3
   213 | D:1      | Reached skill level 1 in Stealth
   650 | D:1      | Reached XP level 3. HP: 13/17 MP: 4/4
   909 | D:2      | Noticed a centaur
   926 | D:2      | Slain by a centaur

Skill      XL: |  1  2 |
---------------+-------+-----
Stealth        | 1 |  1.4
Fighting       | |  3.4
Dodging        | |  4.3
Unarmed Combat | |  3.3

Action                   || total
-------------------------++-------
Melee: Unarmed           ||    80
       Bite              ||     9
Invok: Berserk           ||     1
 Stab: Distracted        ||     1
       Sleeping          ||     4
  Eat: Chunk             ||     7
Armor: Skin              ||     1
Dodge: Dodged            ||    56
